 Dungeon Crawl Stone Soup version 0.16-a0-3187-geb38783 (webtiles) character file.

1165 Chiseanne the Covert (level 8, -1/36 HPs)
             Began as a Spriggan Enchanter on Dec 17, 2014.
             Killed by divine providence
             ... invoked by an orc priest
              (12 damage)
             ... on level 6 of the Dungeon.
             The game lasted 00:20:25 (5554 turns).

Chiseanne the Covert (Spriggan Enchanter)           Turns: 5554, Time: 00:20:26

Health: -1/36      AC:  5    Str:  4    XL:     8   Next: 17%
Magic:  29/34      EV: 21    Int: 17    God:
Gold:   110        SH:  0    Dex: 18    Spells: 4 memorised, 11 levels left

rFire  . . .     SeeInvis +     a - +1 dagger
rCold  . . .     Clarity  .     b - +2 robe
rNeg   . . .     SustAb   .     (shield restricted)
rPois  .         Gourm    .     (helmet restricted)
rElec  .         Spirit   .     m - +0 cloak
rCorr  .         Warding  .     (gloves unavailable)
rMut   .         Stasis   .     (boots unavailable)
MR     +....                    (no amulet)
Stlth  +++++.....               (no ring)
                                g - ring of magical power

@: very slightly contaminated, very quick, somewhat resistant to hostile
enchantments, quite stealthy
A: unfitting armour, see invisible, herbivore 3, speed 3, slow metabolism 2
a: no special abilities


You were on level 6 of the Dungeon.
You were not hungry.

You visited 2 branches of the dungeon, and saw 7 of its levels.

You collected 215 gold pieces.
You spent 105 gold pieces at shops.

Inventory:

Hand weapons
 a - a +1 dagger (weapon)
 q - a +0 vampiric falchion
Missiles
 d - 21 poisoned needles
 o - 5 tomahawks (quivered)
Armour
 b - a +2 robe (worn)
 m - a +0 cloak (worn)
Jewellery
 g - a ring of magical power (left hand)
 t - an uncursed ring of fire
Scrolls
 e - 7 scrolls of enchant armour
 j - a scroll of remove curse
 k - 2 scrolls of magic mapping
 n - 2 scrolls of recharging
 s - a scroll of teleportation
Potions
 f - 3 potions of heal wounds
 h - 2 potions of lignification
 i - 3 potions of degeneration {unknown}
 l - a potion of flight {unknown}
 r - 2 potions of curing {unknown}
Books
 c - a book of Maledictions

   Spells                             Type                      Level
   a - Corona                         Hexes                        1
   b - Sure Blade                     Hexes/Charms                 2
   c - Ensorcelled Hibernation        Hexes/Ice                    2
   d - Confuse                        Hexes                        3
   e - Dazzling Spray                 Conjuration/Hexes            3
   f - Enslavement                    Hexes                        4
Comestibles
 p - a bread ration


   Skills:
 * Level 3.1 Short Blades
 * Level 5.8 Dodging
 * Level 9.2 Stealth
 * Level 6.5 Spellcasting
 * Level 6.6 Hexes


You had 11 spell levels left.
You knew the following spells:

 Your Spells              Type           Power        Failure   Level  Hunger
a - Corona                Hex            ####...      1%          1    None
b - Ensorcelled Hibernat  Hex/Ice        ###...       6%          2    None
c - Dazzling Spray        Conj/Hex       ###.....     12%         3    ##.....
d - Confuse               Hex            ####....     2%          3    ##.....


Dungeon Overview and Level Annotations

Branches:
Dungeon (6/15)             Temple (1/1) D:4

Altars:
Ashenzari
Cheibriados
Elyvilon
Fedhas
Gozag
Kikubaaqudgha
Makhleb
Nemelex Xobeh
Okawaru
Qazlal
Ru
Sif Muna
Vehumet
Xom
Zin
The Shining One

Shops:
D:4 *:

Annotations:
D:1 runed door


Innate Abilities, Weirdness & Mutations

You are tiny and cannot use many weapons and most armour.
You have supernaturally acute eyesight.
You are a herbivore.
You cover ground extremely quickly.
You need consume almost no food.


Message History

Aim: a goblin, wielding a club (severely wounded)
You miscast Ensorcelled Hibernation.
You are very lightly contaminated with residual magic.
The light around you dims momentarily. The orc hits you with a club.
The goblin misses you.
Casting: Ensorcelled Hibernation
Confirm with . or Enter, or press ? or * to list all spells.
Aiming: Ensorcelled Hibernation
Press: ? - help, Shift-Dir - straight line, f/p - goblin
Aim: a goblin, wielding a club (severely wounded)
The goblin looks drowsy...
The orc misses you.
The orc priest invokes the aid of Beogh against you.
Something smites you!
The helpless goblin fails to defend itself.
You perforate the goblin like a sieve!!!
You kill the goblin!
The orc hits you but does no damage.
The orc priest mumbles some strange prayers to Beogh against you.
Something smites you!
You die...

# ### #.. ..# #.# #.#
# ####.# #.#
######.##.####.######
.##............)@oo.#
...........###.####o#
.##.#...#......# #.#
###.##.....##### #.#
# #.##.##.## #o#
#.##.##.# #.#
#.##+##.# #o#
#.......# #####o###
##.....## #.....).#


You could see an orc priest and 2 orcs.

Vanquished Creatures
  Grinder (D:4)
  Prince Ribbit (D:4)
  A sky beast (D:5)
  An ogre (D:4)
  2 giant frogs (D:6)
  A scorpion (D:4)
  A hound (D:4)
  A giant frog skeleton (D:5)
  2 worker ants (D:5)
  A hound skeleton (D:4)
  10 gnolls
  7 adders
  A giant mite (D:3)
  4 giant geckos
  5 oozes (D:1)
  17 orcs
  2 bat skeletons (D:4)
  8 giant cockroaches
  4 goblins
  13 hobgoblins
  16 jackals
  11 kobolds
  A ball python (D:1)
  7 bats
  A giant gecko zombie (D:6)
  4 giant newts
  7 quokkas
  8 rats
138 creatures vanquished.

Notes
Turn   | Place    | Note
--------------------------------------------------------------
     0 | D:1      | Chiseanne, the Spriggan Enchanter, began the quest for the Orb.
     0 | D:1      | Reached XP level 1. HP: 9/9 MP: 4/4
     2 | D:1      | Found a runed door.
   138 | D:1      | Reached XP level 2. HP: 13/13 MP: 3/7
   483 | D:1      | Learned a level 2 spell: Ensorcelled Hibernation
   842 | D:1      | Reached XP level 3. HP: 16/16 MP: 7/9
  1574 | D:2      | Reached skill level 5 in Stealth
  1656 | D:2      | Reached XP level 4. HP: 21/21 MP: 9/12
  1924 | D:3      | Reached skill level 5 in Hexes
  2047 | D:3      | Found a sacrificial altar of Ru.
  2451 | D:3      | Reached skill level 6 in Stealth
  2612 | D:3      | Found a sparkling altar of Nemelex Xobeh.
  2684 | D:4      | Noticed a phantom
  2692 | D:4      | Learned a level 3 spell: Dazzling Spray
  2696 | D:4      | Learned a level 3 spell: Confuse
  2698 | D:4      | Found Qiawemm's Assorted Antiques.
  2708 | D:4      | Bought 3 scrolls labeled SHUUHUCOTZUI for 105 gold pieces
  2730 | D:4      | Noticed Prince Ribbit
  2730 | D:4      | Noticed Grinder
  2876 | D:4      | Found a glowing golden altar of the Shining One.
  2893 | D:4      | Reached XP level 5. HP: 19/24 MP: 10/16
  3498 | D:4      | Paralysed by Grinder for 2 turns
  3517 | D:4      | Killed Grinder
  3517 | D:4      | Reached skill level 7 in Stealth
  3517 | D:4      | Reached XP level 6. HP: 12/28 MP: 9/20
  3796 | D:4      | Found a staircase to the Ecumenical Temple.
  3807 | Temple   | Entered the Ecumenical Temple
  4145 | D:4      | Killed Prince Ribbit
  4145 | D:4      | Reached skill level 5 in Spellcasting
  4145 | D:4      | Reached XP level 7. HP: 14/32 MP: 8/23
  4148 | D:4      | Noticed an ogre
  4339 | D:4      | Killed an ogre
  4401 | D:4      | Found a stormy altar of Qazlal.
  4405 | D:4      | Found an opulent altar of Gozag.
  4435 | D:4      | Reached skill level 8 in Stealth
  4442 | D:4      | Reached skill level 5 in Dodging
  4578 | D:4      | Found Faqear's Book Shoppe.
  4893 | D:5      | Entered Level 5 of the Dungeon
  5211 | D:5      | Reached XP level 8. HP: 34/36 MP: 25/25
  5388 | D:6      | Reached skill level 9 in Stealth
  5554 | D:6      | Killed from afar by an orc priest

Action                   |  1- 3 |  4- 6 |  7- 9 || total
-------------------------+-------+-------+-------++-------
Melee: Dagger            |   147 |    93 |    65 ||   305
 Cast: Corona            |    30 |    15 |     1 ||    46
       Ensorcelled Hiber |    28 |    57 |    35 ||   120
       Dazzling Spray    |       |    14 |     6 ||    20
  Use: Scroll            |     6 |     5 |       ||    11
 Stab: Sleeping          |    25 |    41 |    40 ||   106
       Invisible         |       |     1 |       ||     1
  Eat: Bread ration      |       |     1 |     1 ||     2
